 Dungeon Crawl Stone Soup version 0.31.0-32-g396128a36d (webtiles) character file.

Game seed: 3800179476965839072

108 unlimited1921 the Grave Robber (level 4, -1/27 (30) HPs)
             Began as a Vampire Necromancer on Mar 12, 2024.
             Slain by a wight
             ... wielding a +5 halberd
              (7 damage)
             ... on level 4 of the Dungeon.
             The game lasted 00:14:08 (3431 turns).

unlimited1921 the Grave Robber (VpNe)               Turns: 3431, Time: 00:14:08

HP:   -1/27 (30)    AC:  6    Str:  7    XL:     4   Next: 58%
MP:   5/8           EV: 10    Int: 19    God:
Gold: 294           SH:  0    Dex: 14    Spells: 8/9 levels left

rFire   + . .        c - +0 long sword
rCold   . . .        (no shield)
rNeg    . . .        v - +1 ring mail {rF+}
rPois   .            (no helmet)
rElec   .            (no cloak)
rCorr   .            (no gloves)
SInv    +            (no boots)
Will    .....        o - amulet of magic regeneration
Stlth   ++           (no ring)
HPRegen 0.44/turn    (no ring)
MPRegen 0.51/turn

%: no passive effects
@: healing quickly, heavily drained
A: alive, fangs 3, see invisible, vampiric 2
a: Exsanguinate


You were on level 4 of the Dungeon.
You visited 1 branch of the dungeon, and saw 4 of its levels.

You collected 294 gold pieces.

Inventory:

Hand Weapons
 c - a +0 long sword (weapon)
 g - a +0 spear
 i - a +0 trident
 u - a +2 dagger of venom
 w - a +0 war axe
Missiles
 q - 4 javelins
Armour
 a - a +0 robe
 e - a +0 scale mail
 h - a +0 leather armour
 v - a +1 ring mail of fire resistance (worn)
Jewellery
 j - a ring of ice
 o - an amulet of magic regeneration (around neck)
Wands
 t - a wand of quicksilver (8) (quivered)
Scrolls
 d - a scroll of enchant armour {unknown}
 l - a scroll of enchant weapon {unknown}
 m - 3 scrolls of identify {unknown}
 n - a scroll of blinking {unknown}
 p - a scroll of immolation {unknown}
 r - a scroll of amnesia {unknown}
 s - a scroll of poison {unknown}
Potions
 b - a potion of magic
 f - 2 potions of degeneration {unknown}
 k - a potion of curing {unknown}
 x - a potion of cancellation {unknown}


   Skills:
 + Level 0.2 Long Blades
 * Level 0.5 Armour
 + Level 2.3 Dodging
 + Level 3.1 Stealth
 * Level 3.0 Spellcasting
 * Level 5.7 Necromancy


You had 8 spell levels left.
You knew the following spells:

 Your Spells              Type           Power      Damage    Failure   Level
a - Necrotise             Necr           96%        1d8       4%          1

Your spell library contained the following spells:

 Spells                   Type           Power      Damage    Failure   Level
 Vampiric Draining        Necr           24%        2d7       16%         3
 Animate Dead             Necr           24%        N/A       45%         4
 Curse of Agony           Necr           24%        N/A       80%         5


Dungeon Overview and Level Annotations

Branches:
Dungeon (4/15)
 Temple: D:4-7

Altars:

Annotations:
D:4 1 runed translucent door


Innate Abilities, Weirdness & Mutations

Your natural rate of healing is accelerated.
You have razor-sharp teeth.
You have supernaturally acute eyesight. (SInv)
You are afflicted with vampirism and can become a bat while bloodless.


Message History

Press: ? - help, Q - select action, (/) - cycle Shift-Dir - straight line, f - wight
Aim: a wight, wielding a +5 halberd and wearing a +0 robe (lightly damaged, ally target, not susceptible)
The wight is unaffected.
The wight hits you from afar with a +5 halberd.
You feel drained.
Your quokka skeleton bites the wight.
Aiming: Necrotise (safe; 4% risk of failure)
Press: ? - help, Q - select action, (/) - cycle Shift-Dir - straight line, f/p - wight
Aim: a wight, wielding a +5 halberd and wearing a +0 robe (moderately damaged, ally target, not susceptible)
The wight is unaffected.
The wight closely misses you.
Your quokka skeleton bites the wight but does no damage.
Aiming: Necrotise (safe; 4% risk of failure)
Press: ? - help, Q - select action, (/) - cycle Shift-Dir - straight line, f/p - wight
Aim: a wight, wielding a +5 halberd and wearing a +0 robe (moderately damaged, ally target, not susceptible)
The wight is unaffected.
The wight barely misses you.
Your quokka skeleton barely misses the wight.
Aiming: Necrotise (safe; 4% risk of failure)
Press: ? - help, Q - select action, (/) - cycle Shift-Dir - straight line, f/p - wight
Aim: a wight, wielding a +5 halberd and wearing a +0 robe (moderately damaged, ally target, not susceptible)
The wight is unaffected.
The wight barely misses you.
Your quokka skeleton barely misses the wight.
Aiming: Necrotise (safe; 4% risk of failure)
Press: ? - help, Q - select action, (/) - cycle Shift-Dir - straight line, f/p - wight
Aim: a wight, wielding a +5 halberd and wearing a +0 robe (moderately damaged, ally target, not susceptible)
The wight is unaffected.
The wight hits you from afar with a +5 halberd!!
Ouch! That really hurt!
* * * LOW HITPOINT WARNING * * *
You feel drained.
* * * LOW HITPOINT WARNING * * *
Your quokka skeleton barely misses the wight.
Aiming: Quicksilver Bolt
Press: ? - help, Q - select action, (/) - cycle Shift-Dir - straight line, f/p - wight
Aim: a wight, wielding a +5 halberd and wearing a +0 robe (moderately damaged, ally target, 71% to hit)
The bolt of dispelling energy hits the wight.
The wight is severely damaged.
The wight hits you from afar with a +5 halberd!
You die...

#......#....# ....
+.<.........# ....
#....###.#### .$..
#....# #..## ...
#....# ##..# #..
#....# ##.##
#.#######....#####.##
#Zz..................
##..@.#####....#####.
#....# #....# #.
#....# #....# ##
#....# ....######
#....# ...##....
#....# ..##....
#....# #.... #....#
###.... .......


You could see a wight (ally target) and a friendly quokka skeleton.

Vanquished Creatures
  A bombardier beetle (D:4)
  A ribbon worm (D:3)
  An orc (D:4)
  6 endoplasms
  A giant cockroach (D:1)
  9 goblins
  12 hobgoblins
  2 jackals (D:1)
  5 quokkas
  5 ball pythons
  7 bats
  A frilled lizard (D:1)
  4 kobolds
  6 rats
61 creatures vanquished.

Vanquished Creatures (collateral kills)
  A bat (D:1)
  A goblin (D:1)
2 creatures vanquished.

Grand Total: 63 creatures vanquished

Notes
Turn   | Place    | Note
-------+----------+-------------------------------------------
     0 | D:1      | unlimited1921 the Vampire Necromancer began the quest for
                  | the Orb.
     0 | D:1      | Reached XP level 1. HP: 13/13 MP: 3/3
   229 | D:1      | Reached XP level 2. HP: 19/19 MP: 3/5
   589 | D:1      | Reached skill level 5 in Necromancy
  1209 | D:1      | Gained mutation: You are afflicted with vampirism and can
                  | become a bat while bloodless. [Vampire growth]
  1209 | D:1      | Reached XP level 3. HP: 24/24 MP: 1/6
  1594 | D:2      | Found a faded altar of an unknown god.
  3165 | D:3      | Reached XP level 4. HP: 30/30 MP: 5/7
  3257 | D:4      | Found a runed translucent gate.
  3431 | D:4      | Slain by a wight

Illustrated notes

Levels and vault maps discovered:
D:1:      spicycebolla_green_bress_n_ham, layout_basic, minmay_cut_off
D:2:      cheibrodos_greedy_goblins, layout_loops_cross,
          dreamdust_ecumenical_altar_grove, bh_walls_and_bars
D:3:      layout_loops_ring
D:4:      layout_basic, gammafunk_ghost_nasty_kobolds

Skill      XL: |  1  2  3  4 |
---------------+-------------+-----
Necromancy     | 5 |  5.7
Spellcasting   | 3 |  3.0
Long Blades    | |  0.2
Armour         | |  0.5
Dodging        | |  2.3
Stealth        | |  3.1

Action                     |  1- 3 |  4- 6 || total
---------------------------+-------+-------++-------
  Melee: Long sword        |     7 |       ||     7
   Cast: Necrotise         |    85 |    22 ||   107
  Evoke: Wand              |       |     1 ||     1
 Armour: Robe              |    10 |       ||    10
         Leather armour    |     3 |       ||     3
         Ring mail         |       |     5 ||     5
  Dodge: Dodged            |    14 |     5 ||    19
